AoeStats
← Pica das Galaxias

Pilgrims

509923774Analyzed
3v3 RM · 4d ago on Sep 28, 2026· 24m 1s· 6 players
Game mode
Random Map
Map size
Normal (6 player)
Population
200
Speed
Normal
Resources
Standard
Victory
Conquest
Starting age
Dark Age
Ending age
Imperial Age
RankedLock teamsTeams togetherTeam positionsShared explorationLock speedFull tech treeHidden civsTurbo modeCheats
Victory
Defeat
🇳🇱 Spanish · Netherlands
759
+15
🇳🇱 Celts · Netherlands
756
+15
🇳🇱 Franks · Netherlands
730
+16
🇧🇷 Portuguese · Brazil
779
-18
🇩🇪 Cumans · Germany
702
-14
🇧🇷 Persians · Brazil
699
-14
Tompzera
6:07 Loom
10:47 Feudal Age
TreffNIx
13:17 Feudal Age
15:06 Double-Bit Axe
17:27 Fishing Lines
20:04 Fishing Lines
20:10 Fishing Lines
23:49 Castle Age
Pica das Galaxias
7:01 Loom
15:07 Feudal Age
16:33 Wheelbarrow
15:30 Man-at-Arms
17:21 Fishing Lines
21:05 Castle Age
21:39 Forging
21:33 Gold Mining
21:38 Fletching
22:15 Thumb Ring
Max
13:30 Feudal Age
11:46 Loom
18:10 Castle Age
17:19 Horse Collar
17:27 Double-Bit Axe
17:37 Fletching
18:39 Fishing Lines
21:33 Wheelbarrow
21:32 Scale Barding Armor
MTT1996
5:58 Loom
10:51 Feudal Age
13:48 Double-Bit Axe
18:36 Scale Barding Armor
18:41 Forging
23:43 Castle Age
23:02 Man-at-Arms
Cookiemonstah
6:49 Loom
13:10 Feudal Age
13:36 Fishing Lines
13:51 Double-Bit Axe
14:12 Town Watch
17:11 Gold Mining
17:50 Stone Mining
18:42 Wheelbarrow
18:08 Fletching
21:50 Horse Collar
25:45 Castle Age
Connection lost

Rejoining the realm…

Still unreachable

The connection could not be restored.

Session expired

The server has moved on; the page needs a fresh start.